 Dungeon Crawl Stone Soup version 0.27.1-34-g3ba077fa99 (webtiles) character file.

Game seed: 3865516533094019387

313 mtoz the Covered (level 6, 0/70 HPs)
             Began as a Gnoll Wanderer on Jan 4, 2022.
             Slain by a fire bat (7 damage)
             ... on level 4 of the Dungeon.
             The game lasted 00:27:12 (3405 turns).

mtoz the Covered (Gnoll Wanderer)                   Turns: 3405, Time: 00:27:12

Health: 0/70       AC: 23    Str: 14    XL:     6   Next: 43%
Magic:  8/9        EV:  2    Int: 12    God:
Gold:   166        SH:  0    Dex: 10    Spells: 9/9 levels left

rFire    . . .     SeeInvis .   a - +2 quarterstaff
rCold    . . .     Faith    .   (shield currently unavailable)
rNeg     + + +     Spirit   .   (armour currently unavailable)
rPois    +         Reflect  .   (helmet currently unavailable)
rElec    .         Harm     .   (cloak currently unavailable)
rCorr    .         Rampage  .   (gloves currently unavailable)
Will     .....     NoTele   +   (boots currently unavailable)
Stlth    ++........             (no amulet)
HPRegen  0.21/turn              (no ring)
MPRegen  0.11/turn              (no ring)

@: mighty, tree-form, very slightly contaminated, invisible
A: stationary, stasis, torment immunity, boosted hp, (fangs 1), strong nose,
distributed training
a: no special abilities


You were on level 4 of the Dungeon.
You were a tree.
You visited 1 branch of the dungeon, and saw 4 of its levels.

You collected 166 gold pieces.

Inventory:

Hand Weapons
 a - a +2 quarterstaff (weapon)
 d - a +1 dagger of flaming
 h - a +0 morningstar
 i - a +0 whip
 j - a +0 hand axe
 n - a +0 dagger
 r - a +0 short sword
Missiles
 k - 28 stones (quivered)
 l - 11 poisoned darts
 t - 32 sling bullets
Armour
 f - a +0 pair of boots (melded)
 g - a +0 ring mail (melded)
 q - a +0 helmet (melded)
 w - a +2 pair of gloves of dexterity (melded)
Wands
 o - a wand of flame (14)
Scrolls
 b - 2 scrolls of teleportation
 m - a scroll of amnesia
 p - a scroll of identify
 A - a scroll of holy word


   Skills:
 + Level 3.2 Fighting
 + Level 2.0 Short Blades
 + Level 2.0 Long Blades
 + Level 3.2 Axes
 + Level 2.0 Maces & Flails
 + Level 2.0 Polearms
 + Level 3.2 Staves
 + Level 2.0 Slings
 + Level 2.0 Bows
 + Level 2.0 Crossbows
 + Level 3.2 Throwing
 + Level 5.0 Armour
 + Level 3.2 Dodging
 + Level 4.6 Stealth
 + Level 3.2 Shields
 + Level 2.0 Unarmed Combat
 + Level 2.0 Spellcasting
 + Level 1.5 Conjurations
 + Level 1.5 Hexes
 + Level 1.5 Summonings
 + Level 1.5 Necromancy
 + Level 1.5 Translocations
 + Level 1.5 Transmutations
 + Level 1.5 Fire Magic
 + Level 1.5 Ice Magic
 + Level 1.5 Air Magic
 + Level 1.5 Earth Magic
 + Level 1.5 Poison Magic
 + Level 2.1 Invocations
 + Level 2.0 Evocations


You had 9 spell levels left.
You didn't know any spells.
Your spell library contained the following spells:

 Spells                   Type           Power      Damage    Failure   Level
 Summon Small Mammal      Summ           16%        N/A       14%         1
 Call Canine Familiar     Summ           4%         N/A       41%         3
 Summon Guardian Golem    Hex/Summ       4%         N/A       41%         3


Dungeon Overview and Level Annotations

Branches:
Dungeon (4/15)
 Temple: D:4-7

Altars:
Kikubaaqudgha
Nemelex Xobeh
Uskayaw
Vehumet

Annotations:
D:4 1 transporter


Innate Abilities, Weirdness & Mutations

You are a tree.
Your roots penetrate the ground, keeping you stationary.
You cannot be teleported.
You are immune to unholy pain and torment.
Your maximum health is greatly increased.
Your equipment is partially melded.
((You have very sharp teeth.))
Your uncanny sense of smell can sniff out nearby items.
Your experience applies equally to all skills.


Message History

* * * LOW HITPOINT WARNING * * *
You are engulfed in flames.
* * * LOW HITPOINT WARNING * * *
The fire bat bites you but does no damage.
You miss the fire bat.
The fire bat is moderately wounded.
The fire bat bites you but does no damage.
The fire bat completely misses you.
You barely miss the fire bat.
The fire bat is moderately wounded.
The fire bat bites you but does no damage.
The fire bat bites you but does no damage.
Okay, then.
You can't see any enemies this would affect, really read the scroll of holy word?
Okay, then.
Sorry, you're not good enough to have a special ability.
Memorise Summon Small Mammal, consuming 1 spell level and leaving 8?
You feel less wooden.
Your +0 helmet unmelds from your body.
Your +2 pair of gloves of dexterity unmelds from your body.
Your +0 pair of boots unmelds from your body.
Your +0 ring mail unmelds from your body.
You feel agile.
The fire bat bites you but does no damage.
Your memorisation is interrupted.
Sorry, you're not good enough to have a special ability.
Okay, then.
You don't know any spells.
Really quaff the potion of lignification?
You turn into a tree.
Your +0 helmet melds into your body.
Your +2 pair of gloves of dexterity melds into your body.
Your +0 pair of boots melds into your body.
Your +0 ring mail melds into your body.
You feel clumsy.
Your roots penetrate the ground.
The fire bat bites you but does no damage.
The fire bat bites you.
* * * LOW HITPOINT WARNING * * *
You are engulfed in flames!
You die...

#..########### #.(# #..#
###### #..#####
#☼°°○○########...#######
.#°°.☼°#☼○☼☼☼○###........
.#°○○☼○#○○°°○○#...##...>.
.#$$.°○○b#.#○☼#...##.....
©#©).○○○♣..©°○#©..##..###
.#)$.○☼○.#.#○°#..###..# #
.#○○☼.○#°°○○☼°#### #..# #
.#☼°○○.#○○☼°☼°# #..# #
#○○☼°○######## #..# #
###### #..# # #..# #..#


You could see a fire bat.

Vanquished Creatures
  A fire bat (D:4)
  A centaur zombie (D:4)
  A hound (D:3)
  A hound skeleton (D:4)
  2 adders
  2 worms (D:2)
  3 dart slugs (D:2)
  4 orcs
  6 endoplasms
  3 giant cockroaches
  2 goblins
  4 hobgoblins
  7 jackals (D:2)
  7 kobolds
  2 quokkas
  7 ball pythons
  4 bats
  A frilled lizard (D:2)
  5 rats
63 creatures vanquished.

Notes
Turn   | Place    | Note
-------+----------+-------------------------------------------
     0 | D:1      | mtoz the Gnoll Wanderer began the quest for the Orb.
     0 | D:1      | mtoz set off with the following items: a +2 quarterstaff, a
                  | scroll of teleportation, a potion of lignification, a +0
                  | robe, a +0 dagger
     0 | D:1      | Reached XP level 1. HP: 17/17 MP: 1/1
   234 | D:1      | Reached XP level 2. HP: 23/23 MP: 2/2
   958 | D:2      | Reached XP level 3. HP: 28/28 MP: 3/3
  1222 | D:2      | Reached skill level 1 in Invocations
  1372 | D:2      | Reached skill level 1 in Short Blades
  1372 | D:2      | Reached skill level 1 in Long Blades
  1372 | D:2      | Reached skill level 1 in Maces & Flails
  1372 | D:2      | Reached skill level 1 in Polearms
  1372 | D:2      | Reached skill level 1 in Slings
  1372 | D:2      | Reached skill level 1 in Bows
  1372 | D:2      | Reached skill level 1 in Crossbows
  1372 | D:2      | Reached skill level 1 in Unarmed Combat
  1372 | D:2      | Reached skill level 1 in Spellcasting
  1372 | D:2      | Reached skill level 1 in Evocations
  1731 | D:3      | Reached XP level 4. HP: 33/34 MP: 5/5
  2160 | D:3      | Found a hide-covered altar of Uskayaw.
  2160 | D:3      | Found a sparkling altar of Nemelex Xobeh.
  2181 | D:3      | Found a radiant altar of Vehumet.
  2279 | D:3      | Reached skill level 1 in Conjurations
  2279 | D:3      | Reached skill level 1 in Hexes
  2279 | D:3      | Reached skill level 1 in Summonings
  2279 | D:3      | Reached skill level 1 in Necromancy
  2279 | D:3      | Reached skill level 1 in Translocations
  2279 | D:3      | Reached skill level 1 in Transmutations
  2279 | D:3      | Reached skill level 1 in Fire Magic
  2279 | D:3      | Reached skill level 1 in Ice Magic
  2279 | D:3      | Reached skill level 1 in Air Magic
  2279 | D:3      | Reached skill level 1 in Earth Magic
  2279 | D:3      | Reached skill level 1 in Poison Magic
  2601 | D:4      | Reached XP level 5. HP: 40/40 MP: 5/7
  2719 | D:4      | Found an ancient bone altar of Kikubaaqudgha.
  3277 | D:4      | Found a transporter.
  3293 | D:4      | Found a transporter.
  3294 | D:4      | Noticed a fire bat
  3294 | D:4      | Noticed a fire bat
  3388 | D:4      | HP: 2/61 [fire bat (6)]
  3391 | D:4      | Killed a fire bat
  3392 | D:4      | Reached skill level 5 in Armour
  3392 | D:4      | Reached XP level 6. HP: 13/47 MP: 7/9
  3405 | D:4      | Slain by a fire bat

Illustrated notes

Levels and vault maps discovered:
D:1:      lightli_arrival_windingriver, layout_basic, corexii_corridor_pit
D:2:      layout_basic, kennysheep_generic_room_3
D:3:      layout_basic, minitemple, kennysheep_generic_room_15
D:4:      gammafunk_cloud_chamber, layout_loops_ring, kiku_gazebo_pond_becter

Skill      XL: |  1  2  3  4  5 |
---------------+----------------+-----
Invocations    | 1 2 |  2.1
Short Blades   | 1 2 |  2.0
Long Blades    | 1 2 |  2.0
Maces & Flails | 1 2 |  2.0
Polearms       | 1 2 |  2.0
Slings         | 1 2 |  2.0
Bows           | 1 2 |  2.0
Crossbows      | 1 2 |  2.0
Unarmed Combat | 1 2 |  2.0
Spellcasting   | 1 2 |  2.0
Evocations     | 1 2 |  2.0
Conjurations   | 1 |  1.5
Hexes          | 1 |  1.5
Summonings     | 1 |  1.5
Necromancy     | 1 |  1.5
Translocations | 1 |  1.5
Transmutations | 1 |  1.5
Fire Magic     | 1 |  1.5
Ice Magic      | 1 |  1.5
Air Magic      | 1 |  1.5
Earth Magic    | 1 |  1.5
Poison Magic   | 1 |  1.5
Fighting       | 3 |  3.2
Axes           | 3 |  3.2
Staves         | 3 |  3.2
Throwing       | 3 |  3.2
Dodging        | 3 |  3.2
Shields        | 3 |  3.2
Armour         | 5 |  5.0
Stealth        | |  4.6

Action                   |  1- 3 |  4- 6 || total
-------------------------+-------+-------++-------
Melee: Quarterstaff      |   124 |    78 ||   202
       Bite              |     5 |     7 ||    12
Throw: Stone             |     9 |    22 ||    31
  Use: Scroll            |       |     5 ||     5
       Potion            |       |     8 ||     8
 Stab: Sleeping          |     2 |     5 ||     7
Armor: Ring mail         |    50 |    40 ||    90
       Skin              |       |    42 ||    42
Dodge: Dodged            |    92 |    49 ||   141
